 Dungeon Crawl Stone Soup version 0.31-a0-841-g038b102fc3 (webtiles) character file.

Game seed: 17607140176288306313

67 randomguy2701 the Protected (level 4, -2/34 HPs)
             Began as a Gnoll Wanderer on Sept 27, 2023.
             Slain by an iguana (7 damage)
             ... on level 4 of the Dungeon.
             The game lasted 00:02:54 (2820 turns).

randomguy2701 the Protected (Gnoll Wanderer)        Turns: 2820, Time: 00:02:55

Health: -2/34      AC: 12    Str: 12    XL:     4   Next: 18%
Magic:  0/8        EV:  9    Int: 14    God:
Gold:   185        SH:  0    Dex: 10    Spells: 8/9 levels left

rFire   . . .        a - +0 club
rCold   . . .        (no shield)
rNeg    . . .        d - +2 scale mail
rPois   +            (no helmet)
rElec   .            (no cloak)
rCorr   .            (no gloves)
SInv    .            i - +0 pair of boots
Will    .....        l - amulet of guardian spirit
Stlth   +            j - ring of poison resistance
HPRegen 0.25/turn    (no ring)
MPRegen 0.11/turn

%: guardian spirit
@: no status effects
A: fangs 1, strong nose, distributed training
a: no special abilities


You were on level 4 of the Dungeon.
You visited 1 branch of the dungeon, and saw 4 of its levels.

You collected 185 gold pieces.

Inventory:

Hand Weapons
 a - a +0 club (weapon)
Armour
 d - a +2 scale mail (worn)
 i - a +0 pair of boots (worn)
Jewellery
 j - a ring of poison resistance (left hand)
 l - an amulet of guardian spirit (around neck)
 p - a +6 ring of intelligence
 q - a ring of positive energy
Scrolls
 e - 3 scrolls of identify {unknown}
 g - a scroll of immolation
 k - 3 scrolls of vulnerability {unknown}
 m - a scroll of noise {unknown}
 n - 2 scrolls of fear {unknown}
 o - 2 scrolls of enchant armour {unknown}
 r - a scroll of teleportation {unknown}
Potions
 b - a potion of curing
 c - 2 potions of lignification
 f - 2 potions of berserk rage {unknown}
 h - a potion of resistance {unknown}


   Skills:
 + Level 2.7 Fighting
 + Level 1.1 Short Blades
 + Level 1.1 Long Blades
 + Level 1.1 Axes
 + Level 1.1 Maces & Flails
 + Level 1.1 Polearms
 + Level 1.1 Staves
 + Level 1.1 Ranged Weapons
 + Level 1.1 Throwing
 + Level 10.4 Armour
 + Level 1.1 Dodging
 + Level 2.5 Stealth
 + Level 1.1 Shields
 + Level 1.1 Unarmed Combat
 + Level 3.0 Spellcasting
 + Level 0.8 Conjurations
 + Level 3.8 Hexes
 + Level 0.8 Summonings
 + Level 0.8 Necromancy
 + Level 0.8 Translocations
 + Level 0.8 Transmutations
 + Level 0.8 Fire Magic
 + Level 0.8 Ice Magic
 + Level 0.8 Air Magic
 + Level 0.8 Earth Magic
 + Level 0.8 Poison Magic
 + Level 1.2 Invocations
 + Level 1.1 Evocations
 + Level 1.0 Shapeshifting


You had 8 spell levels left.
You knew the following spells:

 Your Spells              Type           Power      Damage    Failure   Level
a - Slow                  Hex            48%        N/A       16%         1

Your spell library contained the following spells:

 Spells                   Type           Power      Damage    Failure   Level
 Sigil of Binding         Hex            12%        N/A       43%         3
 Blink                    Tloc           8%         N/A       63%         2
 Lesser Beckoning         Tloc           8%         N/A       63%         2
 Momentum Strike          Conj/Tloc      8%         3d8       63%         2
 Dazzling Flash           Conj/Hex       16%        N/A       65%         3
 Agony                    Necr           4%         N/A       100%        5
 Silence                  Hex/Air        4%         N/A       100%        5


Dungeon Overview and Level Annotations

Branches:
Dungeon (4/15)
 Temple: D:4-7

Altars:
Qazlal
Wu Jian

Annotations:
D:3 2 transporters, javelincjr's ghost, amateur OpHW


Innate Abilities, Weirdness & Mutations

You have very sharp teeth.
Your uncanny sense of smell can sniff out nearby items.
Your experience applies equally to all skills.


Message History

The iguana bites you but does no damage.
The iguana bites you!
* * * LOW HITPOINT WARNING * * *
You closely miss the iguana.
The iguana is lightly wounded.
The iguana barely misses you.
You hit the iguana but do no damage.
The iguana is lightly wounded.
The iguana bites you but does no damage.
You barely miss the iguana.
The iguana is lightly wounded.
The iguana barely misses you.
You hit the iguana but do no damage. You bite the iguana, but do no damage.
The iguana is lightly wounded.
A kobold comes into view. It is wielding a +0 club.
The iguana bites you but does no damage.
The kobold shouts!
You hit the iguana but do no damage.
The iguana is lightly wounded.
You hear an angry hiss.
The iguana closely misses you. The iguana bites you.
* * * LOW HITPOINT WARNING * * *
You hit the iguana.
The iguana is moderately wounded.
The iguana closely misses you.
You hit the iguana but do no damage. Your bite misses the iguana.
The iguana is moderately wounded.
The iguana bites you but does no damage.
You hit the iguana but do no damage.
The iguana is moderately wounded.
The iguana bites you but does no damage.
You hit the iguana but do no damage.
The iguana is moderately wounded.
The iguana barely misses you.
The iguana bites you but does no damage.
The kobold barely misses you.
You barely miss the iguana.
The iguana is moderately wounded.
The kobold barely misses you. The iguana bites you!
You die...

#.####.#####...........#
#..#
#...........†.......#.
#...
######.............## ∆
#.... #######.......#
..#.. #.......# # ..#..
#.......###.#
#.....##....#
#.###........ ###
#@.#..... #lK# .... #..#
... ...# ##.# .# .#
.###### .# ....... .#
### .......


You could see an iguana and a kobold.

Vanquished Creatures
  An adder (D:3)
  A worm (D:3)
  2 dart slugs
  3 endoplasms
  A giant cockroach (D:1)
  4 goblins
  6 hobgoblins
  8 jackals
  4 kobolds
  2 quokkas (D:2)
  2 ball pythons
  4 bats
  5 frilled lizards
  5 rats
48 creatures vanquished.

Notes
Turn   | Place    | Note
-------+----------+-------------------------------------------
     0 | D:1      | Reached skill level 10 in Armour
     0 | D:1      | randomguy2701 the Gnoll Wanderer began the quest for the
                  | Orb.
     0 | D:1      | randomguy2701 set off with the following items: a +0 club,
                  | a potion of curing, a potion of lignification, a +2 scale
                  | mail; and the following spell memorised: Slow; and the
                  | following spells available to memorise: Sigil of Binding.
     0 | D:1      | Reached XP level 1. HP: 17/17 MP: 4/4
   287 | D:1      | Reached XP level 2. HP: 23/23 MP: 5/5
   342 | D:1      | Found a faded altar of an unknown god.
   960 | D:2      | Reached XP level 3. HP: 28/28 MP: 7/7
  1268 | D:2      | Reached skill level 1 in Invocations
  1795 | D:3      | Found a transporter.
  1873 | D:3      | Reached skill level 1 in Short Blades
  1873 | D:3      | Reached skill level 1 in Long Blades
  1873 | D:3      | Reached skill level 1 in Axes
  1873 | D:3      | Reached skill level 1 in Maces & Flails
  1873 | D:3      | Reached skill level 1 in Polearms
  1873 | D:3      | Reached skill level 1 in Staves
  1873 | D:3      | Reached skill level 1 in Ranged Weapons
  1873 | D:3      | Reached skill level 1 in Throwing
  1873 | D:3      | Reached skill level 1 in Dodging
  1873 | D:3      | Reached skill level 1 in Shields
  1873 | D:3      | Reached skill level 1 in Unarmed Combat
  1873 | D:3      | Reached skill level 1 in Evocations
  1910 | D:3      | Found an ornate altar of the Wu Jian Council.
  1996 | D:3      | Found a transporter.
  2017 | D:3      | Noticed javelincjr's ghost (amateur OpHW)
  2096 | D:3      | Reached XP level 4. HP: 34/34 MP: 8/8
  2113 | D:3      | Found a stormy altar of Qazlal.
  2275 | D:3      | Reached skill level 1 in Shapeshifting
  2561 | D:4      | Noticed a scorpion
  2820 | D:4      | Slain by an iguana

Illustrated notes

Levels and vault maps discovered:
D:1:      dpeg_arrival_ternary, layout_basic, hellmonk_ecumenical_altar_blasted
D:2:      layout_basic, serial_bayou_pond_b, item_on_display_a
D:3:      layout_basic, mainiacjoe_overflow_concentric_impassable,
          mainiacjoe_overflow_alcove_2, gammafunk_ghost_stat_death
D:4:      layout_basic, ebering_ghost_rock_garden, minmay_misc_feat_x,
          chequers_big_river, nicolae_shop_i_like_small_books_too

Skill      XL: |  1  2  3  4 |
---------------+-------------+-----
Armour         | | 10.4
Invocations    | 1 |  1.2
Short Blades   | 1 |  1.1
Long Blades    | 1 |  1.1
Axes           | 1 |  1.1
Maces & Flails | 1 |  1.1
Polearms       | 1 |  1.1
Staves         | 1 |  1.1
Ranged Weapons | 1 |  1.1
Throwing       | 1 |  1.1
Dodging        | 1 |  1.1
Shields        | 1 |  1.1
Unarmed Combat | 1 |  1.1
Evocations     | 1 |  1.1
Shapeshifting  | 1 |  1.0
Spellcasting   | 3 |  3.0
Fighting       | |  2.7
Stealth        | |  2.5
Conjurations   | |  0.8
Hexes          | |  3.8
Summonings     | |  0.8
Necromancy     | |  0.8
Translocations | |  0.8
Transmutations | |  0.8
Fire Magic     | |  0.8
Ice Magic      | |  0.8
Air Magic      | |  0.8
Earth Magic    | |  0.8
Poison Magic   | |  0.8

Action                     |  1- 3 |  4- 6 || total
---------------------------+-------+-------++-------
  Melee: Club              |   228 |    53 ||   281
         Bite              |    18 |     8 ||    26
         Punch             |       |     1 ||     1
 Armour: Scale mail        |   208 |    33 ||   241
  Dodge: Dodged            |   178 |    21 ||   199

Table legend: (Time is in decaauts)
 A = Elapsed time spent in this place.
 B = Non-inter-level travel time spent in this place.
 C = Inter-level travel time spent in this place.
 D = Time resting spent in this place.
 E = Time spent auto-exploring this place.
 F = Levels seen in this place.
 G = Mean time per level.
                   A        B        C        D        E       F      G
               +--------+--------+--------+--------+--------+-----+--------+
         Total |   2894 |   2720 |    174 |      0 |   2138 |   4 |  723.5 |
       Dungeon |   2894 |   2720 |    174 |      0 |   2138 |   4 |  723.5 |
               +--------+--------+--------+--------+--------+-----+--------+

Top non-repeatable levels by time:
     D:3: 1006 daAuts
     D:1: 945 daAuts
     D:2: 781 daAuts
     D:4: 161 daAuts
